 Dungeon Crawl Stone Soup version 0.18-a0-1078-gebb93d0 (webtiles) character file.

120 xgamer67 the Sneak (level 5, 0/34 HPs)
             Began as an Octopode Assassin on Jan 14, 2016.
             Was an Initiate of Sif Muna.
             Succumbed to an adder's poison
             ... on level 2 of the Dungeon.
             The game lasted 00:06:38 (1549 turns).

xgamer67 the Sneak (Octopode Assassin)              Turns: 1549, Time: 00:06:38

Health: 0/34       AC:  1    Str: 10    XL:     5   Next: 4%
Magic:  5/7        EV: 12    Int: 14    God:    Sif Muna [......]
Gold:   89         SH:  0    Dex: 14    Spells: 0 memorised, 6 levels left

rFire  . . .     SeeInvis .     a - +2 dagger
rCold  . . .     Gourm    .     (no shield)
rNeg   . . .     Faith    .     (helmet restricted)
rPois  .         Spirit   .     (no amulet)
rElec  .         Dismiss  .     (no ring)
rCorr  .         Reflect  .     (no ring)
SustAt .         Harm     .     (no ring)
MR     .....                    (no ring)
Stlth  +++++.....               (no ring)
                                (no ring)
                                (no ring)
                                (no ring)

@: lethally poisoned (0 -> -4), not resistant to hostile enchantments, quite
stealthy
A: almost no armour, amphibious, 8 rings, constrict 8, camouflage 1, gelatinous
body 1
a: Renounce Religion


You were on level 2 of the Dungeon.
You worshipped Sif Muna.
Sif Muna was noncommittal.
You were not hungry.

You visited 1 branch of the dungeon, and saw 2 of its levels.

You collected 89 gold pieces.

Inventory:

Hand Weapons
 a - a +2 dagger (weapon)
 b - a +0 blowgun
Missiles
 c - 13 poisoned needles
 d - 2 curare-tipped needles
 g - 68 sling bullets
 l - 3 javelins (quivered)
 m - 13 tomahawks
 n - 67 stones
Scrolls
 e - a scroll of enchant weapon {unknown}
 h - a scroll of teleportation
 j - a scroll of fear {unknown}
 o - a scroll of remove curse
Comestibles
 f - a bread ration
 k - a meat ration


   Skills:
 - Level 2.0 Fighting
 + Level 3.4 Short Blades
 - Level 2.0 Throwing
 - Level 1.0 Dodging
 - Level 7.0 Stealth
 + Level 1.4 Spellcasting


You had 6 spell levels left.
You didn't know any spells.

Dungeon Overview and Level Annotations

Branches:
Dungeon (2/15)

Altars:
Sif Muna


Innate Abilities, Weirdness & Mutations

You cannot wear most types of armour.
You are amphibious.
You can wear up to eight rings at the same time.
You can use your tentacles to constrict eight enemies at once.
Your skin changes colour to match your surroundings (Stealth).
Your rubbery body absorbs attacks (AC +1).


Message History

The adder barely misses you. x2
You closely miss the adder. Your grab misses the adder.
Your squeeze misses the adder.
The adder is almost dead.
* * * LOW HITPOINT WARNING * * *
You feel sick. The adder closely misses you.
You hit the adder.
You kill the adder!
You have reached level 5!
You feel agile. The bat barely misses you.
You hit the bat.
You kill the bat!
You aren't carrying any potions.
* * * LOW HITPOINT WARNING * * *
You feel sick.
* * * LOW HITPOINT WARNING * * *
You feel sick.
You see here 19 stones.
You die...

###.# #.#########..#
.<#'###..'.........#
#.......##.........#
#.......##.........#
#......###.........#
#......# #.........#
#......# #....(..).#
#......###.........#
#......#........@.##
#......#..........#
#......#..........#
###...............#
#...............#
#......##########
#......# #......#
#......#


There were no monsters in sight!

Vanquished Creatures
  7 adders (D:2)
  A worm (D:2)
  7 giant cockroaches
  8 goblins
  3 hobgoblins
  8 jackals
  6 kobolds
  3 bats (D:2)
  6 giant newts
  7 rats
56 creatures vanquished.

Notes
Turn   | Place    | Note
--------------------------------------------------------------
     0 | D:1      | xgamer67 the Octopode Assassin began the quest for the Orb.
     0 | D:1      | Reached XP level 1. HP: 14/14 MP: 1/1
   107 | D:1      | Reached XP level 2. HP: 16/19 MP: 2/2
   121 | D:1      | Reached skill level 6 in Stealth
   330 | D:1      | Reached XP level 3. HP: 17/24 MP: 3/3
   763 | D:2      | Found a deep blue altar of Sif Muna.
   774 | D:2      | Became a worshipper of Sif Muna the Loreminder
   857 | D:2      | Reached skill level 7 in Stealth
   857 | D:2      | Reached XP level 4. HP: 29/29 MP: 4/4
  1068 | D:2      | HP: 2/43 [poisoned by an adder]
  1076 | D:2      | HP: 1/43 [poisoned by an adder]
  1279 | D:2      | Reached skill level 1 in Spellcasting
  1543 | D:2      | Reached XP level 5. HP: 3/34 MP: 5/7
  1547 | D:2      | HP: 1/34 [poisoned by an adder]
  1549 | D:2      | Succumbed to an adder's poison

Vault maps used:
D:1:      sevenhm_arrival_forest_fort_large_4
D:2:      led_sif_pool, minmay_vboxes

Action                   |  1- 3 |  4- 6 || total
-------------------------+-------+-------++-------
Melee: Dagger            |    51 |    51 ||   102
 Fire: Blowgun           |     1 |     6 ||     7
Throw: Javelin           |     2 |       ||     2
  Use: Scroll            |       |     3 ||     3
       Potion            |       |     3 ||     3
 Stab: Sleeping          |    14 |     5 ||    19
       Distracted        |       |     1 ||     1
  Eat: Chunk             |       |     2 ||     2
